 Dungeon Crawl Stone Soup version 0.24.0-123-gd5b16e6ec5 (webtiles) character file.

Game seed: 10772457679158954153, levelgen mode: deterministic

195 FishyPogo the Charmwright (level 5, -8/43 HPs)
             Began as a Gnoll Skald on Dec 23, 2019.
             Was a Follower of Yredelemnul.
             Killed by divine providence
             ... invoked by an orc priest
              (17 damage)
             ... on level 4 of the Dungeon.
             The game lasted 00:11:05 (2611 turns).

FishyPogo the Charmwright (Gnoll Skald)             Turns: 2611, Time: 00:11:05

Health: -8/43      AC: 10    Str: 14    XL:     5   Next: 74%
Magic:  10/21      EV: 13    Int: 15    God:    Yredelemnul [*.....]
Gold:   159        SH:  0    Dex: 15    Spells: 3/14 levels left

rFire    . . .     SeeInvis .   h - +1 whip (flame)
rCold    . . .     Gourm    +   (no shield)
rNeg     . . .     Faith    .   s - +4 ring mail of Amelioration {+Fly Stlth+}
rPois    .         Spirit   .   (no helmet)
rElec    .         Reflect  .   (no cloak)
rCorr    .         Harm     .   (no gloves)
MR       .....                  t - +0 pair of boots {Fly}
Stlth    ++........             g - amulet of the gourmand
HPRegen  1.14/turn              p - ring of magical power
MPRegen  0.17/turn              (no ring)

@: shrouded, flying, very slightly contaminated, regenerating
A: distributed training, fangs 1, strong nose
a: Animate Remains, Renounce Religion, Stop Flying


You were on level 4 of the Dungeon.
You worshipped Yredelemnul.
Yredelemnul was aware of your devotion.
You were completely stuffed.

You visited 1 branch of the dungeon, and saw 4 of its levels.

You collected 159 gold pieces.

Inventory:

Hand Weapons
 a - a +0 spear
 h - a +1 whip of flaming (weapon)
Missiles
 l - 4 boomerangs (quivered)
 n - 71 stones
 q - 6 datura-tipped darts
 r - 39 sling bullets
 v - 4 poisoned darts
Armour
 b - a +0 leather armour
 m - a cursed +0 robe
 s - the +4 ring mail of Amelioration (worn) {+Fly Stlth+}
   (You found it on level 4 of the Dungeon)

   It lets you fly.
   It makes you more stealthy.
 t - a +0 pair of boots of flying (worn)
Jewellery
 g - an amulet of the gourmand (around neck)
 p - a ring of magical power (left hand)
 w - an uncursed ring of see invisible {unknown}
Scrolls
 e - 2 scrolls of enchant armour {unknown}
 f - 2 scrolls of immolation {unknown}
 i - 2 scrolls of fog {unknown}
 j - 4 scrolls of teleportation {unknown}
 k - a scroll of random uselessness {unknown}
 o - 6 scrolls of identify {unknown}
Potions
 c - a potion of ambrosia {unknown}
 u - a potion of mutation {unknown}
Comestibles
 d - 4 rations
 x - 7 chunks of flesh


   Skills:
 + Level 4.8 Fighting
 + Level 1.6 Short Blades
 + Level 1.6 Long Blades
 + Level 1.6 Axes
 + Level 1.6 Maces & Flails
 + Level 4.8 Polearms
 + Level 1.6 Staves
 + Level 1.6 Slings
 + Level 1.6 Bows
 + Level 1.6 Crossbows
 + Level 1.6 Throwing
 + Level 3.0 Armour
 + Level 4.8 Dodging
 + Level 1.6 Stealth
 + Level 1.6 Shields
 + Level 1.6 Unarmed Combat
 + Level 5.2 Spellcasting
 + Level 1.2 Conjurations
 + Level 1.2 Hexes
 + Level 5.5 Charms
 + Level 1.2 Summonings
 + Level 1.2 Necromancy
 + Level 1.2 Translocations
 + Level 1.2 Transmutations
 + Level 1.2 Fire Magic
 + Level 1.2 Ice Magic
 + Level 1.2 Air Magic
 + Level 1.2 Earth Magic
 + Level 1.2 Poison Magic
 + Level 1.8 Invocations
 + Level 1.6 Evocations


You had 3 spell levels left.
You knew the following spells:

 Your Spells              Type           Power        Failure   Level  Hunger
h - Regeneration          Chrm/Necr      ##........   24%         3    ###....
n - Spectral Weapon       Hex/Chrm       ##......     24%         3    ###....
p - Shroud of Golubria    Chrm/Tloc      ##....       12%         2    ##.....
u - Song of Slaying       Chrm           ###.....     4%          2    ##.....
y - Infusion              Chrm           ###.         3%          1    None

Your spell library contained the following spells:

 Spells                   Type           Power        Failure   Level  Hunger


Dungeon Overview and Level Annotations

Branches:
Dungeon (4/15)
 Temple: D:4-7

Altars:
Hepliaklqana
Qazlal
Yredelemnul

Shops:
D:4 *

Annotations:
D:3 2 transporters, VanClaymore's ghost, amateur GrMo


Innate Abilities, Weirdness & Mutations

Your experience applies equally to all skills.
You have very sharp teeth.
Your uncanny sense of smell can sniff out nearby items.


Message History

The orc priest misses you.
The orc priest hits your hound zombie but does no damage.
Lightning courses through your hound zombie!
Your hound zombie is destroyed!
The orc hits you but does no damage.
Casting: Shroud of Golubria (safe; 12% risk of failure)
Confirm with . or Enter, or press ? or * to list all spells.
Your skin crawls.
The adder bites you but does no damage. The orc priest closely misses you.
The orc hits you.
* * * LOW HITPOINT WARNING * * *
Casting: Regeneration (safe; 24% risk of failure)
Confirm with . or Enter, or press ? or * to list all spells.
Space distorts slightly along a thin shroud covering your body.
The adder bites you but does no damage.
The orc priest hits you but does no damage.
The orc hits you but does no damage. The adder bites you but does no damage.
The orc priest mumbles some strange prayers to Beogh against you.
Beogh smites you!
You die...
Your body rises from the dead as a mindless zombie.

#### ..# . #.# ...
#@# ###########
.....##S###.........#
#.ooo........###.#
#...##.###.###.# #.#
#### .... ...# #.#
#.# #.# ..# ##. #####
#.# #.# #.# #.# # #.#
#.# #.# #<# #∩# #.#
#.# #.# #.###.###.#


You could see an orc priest, an adder and an orc.

Vanquished Creatures
  An orc priest (D:4)
  A hound (D:4)
  A worker ant (D:1)
  2 adders (D:3)
  An ooze (D:2)
  An adder skeleton (D:4)
  5 worms
  3 leopard geckos
  9 orcs
  3 bats (D:1)
  6 goblins
  4 hobgoblins
  8 jackals
  8 kobolds
  A quokka (D:2)
  A ball python (D:2)
  5 frilled lizards
  7 rats
67 creatures vanquished.

Vanquished Creatures (collateral kills)
  An orc (D:4)
  A frilled lizard (D:3)
2 creatures vanquished.

Vanquished Creatures (others)
  A hound zombie (D:4)
1 creature vanquished.

Grand Total: 70 creatures vanquished

Notes
Turn   | Place    | Note
-------+----------+-------------------------------------------
     0 | D:1      | FishyPogo the Gnoll Skald began the quest for the Orb.
     0 | D:1      | Reached XP level 1. HP: 20/20 MP: 6/6
   219 | D:1      | Reached XP level 2. HP: 23/26 MP: 7/7
   223 | D:1      | Learned a level 2 spell: Song of Slaying
   226 | D:1      | Learned a level 2 spell: Shroud of Golubria
  1043 | D:1      | Reached skill level 5 in Spellcasting
  1043 | D:1      | Reached XP level 3. HP: 13/31 MP: 4/9
  1048 | D:1      | Learned a level 3 spell: Regeneration
  1052 | D:1      | Learned a level 3 spell: Spectral Weapon
  1155 | D:2      | Reached skill level 1 in Invocations
  1308 | D:2      | Found a basalt altar of Yredelemnul.
  1314 | D:2      | Reached skill level 1 in Short Blades
  1314 | D:2      | Reached skill level 1 in Long Blades
  1314 | D:2      | Reached skill level 1 in Axes
  1314 | D:2      | Reached skill level 1 in Maces & Flails
  1314 | D:2      | Reached skill level 1 in Staves
  1314 | D:2      | Reached skill level 1 in Slings
  1314 | D:2      | Reached skill level 1 in Bows
  1314 | D:2      | Reached skill level 1 in Crossbows
  1314 | D:2      | Reached skill level 1 in Throwing
  1314 | D:2      | Reached skill level 1 in Stealth
  1314 | D:2      | Reached skill level 1 in Shields
  1314 | D:2      | Reached skill level 1 in Unarmed Combat
  1314 | D:2      | Reached skill level 1 in Evocations
  1324 | D:2      | Became a worshipper of Yredelemnul the Dark
  1414 | D:2      | Reached XP level 4. HP: 36/38 MP: 11/11
  1725 | D:3      | Found a transporter.
  1903 | D:3      | Found a transporter.
  1953 | D:3      | Noticed VanClaymore's ghost (amateur GrMo)
  1966 | D:3      | Reached skill level 1 in Conjurations
  1966 | D:3      | Reached skill level 1 in Hexes
  1966 | D:3      | Reached skill level 1 in Summonings
  1966 | D:3      | Reached skill level 1 in Necromancy
  1966 | D:3      | Reached skill level 1 in Translocations
  1966 | D:3      | Reached skill level 1 in Transmutations
  1966 | D:3      | Reached skill level 1 in Fire Magic
  1966 | D:3      | Reached skill level 1 in Ice Magic
  1966 | D:3      | Reached skill level 1 in Air Magic
  1966 | D:3      | Reached skill level 1 in Earth Magic
  1966 | D:3      | Reached skill level 1 in Poison Magic
  2047 | D:3      | Found a hazy altar of Hepliaklqana.
  2101 | D:3      | Found a stormy altar of Qazlal.
  2157 | D:3      | Reached * piety under Yredelemnul
  2157 | D:3      | Reached XP level 5. HP: 18/43 MP: 12/12
  2321 | D:3      | Noticed a fire elemental
  2324 | D:3      | Noticed an air elemental
  2324 | D:3      | Noticed a water elemental
  2466 | D:4      | Got a spiked ring mail
  2477 | D:4      | Identified the +4 ring mail of Amelioration {+Fly Stlth+}
                  | (You found it on level 4 of the Dungeon)
  2571 | D:4      | Found Sushephaat's Lightly-Used Armoury.
  2611 | D:4      | Killed from afar by an orc priest

Levels and vault maps discovered:
D:1:      tarquinn_simple_flora_water_d, layout_basic,
          chequers_serial_rivers_room_b
D:2:      layout_loops_cross, lemuel_crystal_altar
D:3:      layout_rooms, old_standard_altar, gammafunk_ghost_mausoleum,
          first_ration, nicolae_qazlal_style_of_elements
D:4:      layout_loops_corners, lemuel_coloured_pillars_altar, minitemple,
          minmay_temple_entry_enclosed_plants, minmay_shop_damaged

Skill      XL: |  1  2  3  4  5 |
---------------+----------------+-----
Spellcasting   | 5 |  5.2
Invocations    | 1 |  1.8
Short Blades   | 1 |  1.6
Long Blades    | 1 |  1.6
Axes           | 1 |  1.6
Maces & Flails | 1 |  1.6
Staves         | 1 |  1.6
Slings         | 1 |  1.6
Bows           | 1 |  1.6
Crossbows      | 1 |  1.6
Throwing       | 1 |  1.6
Stealth        | 1 |  1.6
Shields        | 1 |  1.6
Unarmed Combat | 1 |  1.6
Evocations     | 1 |  1.6
Conjurations   | 1 |  1.2
Hexes          | 1 |  1.2
Summonings     | 1 |  1.2
Necromancy     | 1 |  1.2
Translocations | 1 |  1.2
Transmutations | 1 |  1.2
Fire Magic     | 1 |  1.2
Ice Magic      | 1 |  1.2
Air Magic      | 1 |  1.2
Earth Magic    | 1 |  1.2
Poison Magic   | 1 |  1.2
Armour         | 3 |  3.0
Fighting       | |  4.8
Polearms       | |  4.8
Dodging        | |  4.8
Charms         | |  5.5

Action                   |  1- 3 |  4- 6 || total
-------------------------+-------+-------++-------
Melee: Spear             |    14 |       ||    14
       Whip              |    82 |   153 ||   235
       Bite              |     8 |    17 ||    25
       Punch             |       |     1 ||     1
Throw: Boomerang         |     1 |     8 ||     9
 Cast: Shroud of Golubri |     6 |     9 ||    15
       Regeneration      |     1 |    13 ||    14
       Song of Slaying   |       |     2 ||     2
       Spectral Weapon   |       |     2 ||     2
       Infusion          |       |     1 ||     1
Invok: Animate Remains   |       |     3 ||     3
  Use: Potion            |     3 |       ||     3
 Stab: Sleeping          |     2 |     1 ||     3
  Eat: Chunk             |    13 |    10 ||    23
Armor: Leather armour    |    21 |    26 ||    47
       Ring mail         |       |    10 ||    10
Dodge: Dodged            |    71 |   115 ||   186
